 Dungeon Crawl Stone Soup version 0.28-a0-1356-g2ad6d04315 (webtiles) character file.

Game seed: 14805998820686032023

2412 mtoz the Fighter (level 9, -4/81 HPs)
             Began as a Minotaur Berserker on Dec 31, 2021.
             Was a Priest of Trog.
             Slain by an orc warrior (13 damage)
             ... on level 5 of the Dungeon.
             The game lasted 00:36:35 (6144 turns).

mtoz the Fighter (Minotaur Berserker)               Turns: 6144, Time: 00:36:35

Health: -4/81      AC: 12    Str: 27    XL:     9   Next: 23%
Magic:  8/8        EV: 12    Int:  4    God:    Trog [***...]
Gold:   173        SH:  0    Dex:  9    Spells: 8/8 levels left

rFire   x x .      SeeInvis .   r - +0 battleaxe
rCold   + + +      Faith    .   (shield currently unavailable)
rNeg    . . .      Spirit   .   v - +0 ice dragon scales
rPois   .          Reflect  .   (helmet restricted)
rElec   .          Harm     .   (no cloak)
rCorr   .          Rampage  .   (no gloves)
Will    ++...                   (no boots)
Stlth   ..........              (no amulet)
HPRegen 1.23/turn               k - ring of ice
MPRegen 0.11/turn               s - ring of flight

@: strong-willed (expiring), on berserk cooldown, flying, regenerating
(expiring), slowed, very slow
A: horns 2, retaliatory headbutt, screaming 1
a: Renounce Religion, Berserk, Trog's Hand


You were on level 5 of the Dungeon.
You worshipped Trog.
Trog was most pleased with you.
You visited 1 branch of the dungeon, and saw 6 of its levels.
You also visited: Sewer.

You collected 251 gold pieces.
You spent 78 gold pieces at shops.

Inventory:

Hand Weapons
 f - a +0 whip
 g - a +0 club
 h - a +0 halberd
 m - a +1 whip of freezing
 n - a +0 flail
 o - a +0 spear
 p - a +0 morningstar
 r - a +0 battleaxe (weapon)
Armour
 i - a +1 leather armour of fire resistance
 j - a +0 scale mail
 v - +0 ice dragon scales (worn)
Jewellery
 k - a ring of ice (left hand)
 l - an amulet of guardian spirit
 s - a ring of flight (right hand)
 u - the ring "Geminy" {rC+ Will+ Int+6 Dex-2}
   (You found it on level 5 of the Dungeon)

   [ring of willpower]

   Int:       It affects your intelligence (+6).
   Dex:       It affects your dexterity (-2).
   rC:        It protects you from cold.
   Will:      It increases your willpower.
Wands
 b - a wand of paralysis (6)
Scrolls
 c - 5 scrolls of teleportation
 d - 6 scrolls of identify
 q - 2 scrolls of fog
 w - a scroll of noise {unknown}
 x - 2 scrolls of amnesia {unknown}
 y - a scroll of blinking {unknown}
 A - a scroll of magic mapping {unknown}
 B - a scroll of vulnerability {unknown}
 C - a scroll of brand weapon {unknown}
 D - a scroll of acquirement {unknown}
Potions
 a - 4 potions of curing
 e - a potion of cancellation {unknown}
 t - a potion of heal wounds {unknown}
 z - 3 potions of flight


   Skills:
 + Level 8.3 Fighting
 + Level 8.3 Axes
 + Level 7.8 Armour
 + Level 7.1 Dodging


You had 8 spell levels left.
You didn't know any spells.
Your spell library was empty.

Dungeon Overview and Level Annotations

Branches:
Dungeon (6/15)              Sewer (visited)
 Temple: D:4-7

Altars:
Ashenzari
Elyvilon
Xom

Shops:
D:3 (

Annotations:
D:4 3 runed translucent doors, p0werm0de's ghost, novice MiCK


Innate Abilities, Weirdness & Mutations

You have a pair of horns on your head.
You reflexively headbutt those who attack you in melee.
You occasionally shout uncontrollably at your foes.


Message History

You kill the orc wizard!
Trog accepts your kill.
Trog appreciates your killing of a magic user.
You barely miss the orc priest. You closely miss the orc warrior.
The orc priest hits you with a +0 dagger.
The orc warrior barely misses you.
You slash the orc priest!
You headbutt the orc priest, but do no damage.
The orc priest is severely wounded.
You closely miss the orc warrior.
The orc priest hits you but does no damage.
The orc warrior misses you. The orc priest closely misses you.
You furiously retaliate!
You headbutt the orc priest.
The orc warrior hits you with a +0 glaive!
You hit the orc priest.
You kill the orc priest!
Trog accepts your kill.
You completely miss the orc warrior.
The orc warrior hits you with a +0 glaive!!
* * * LOW HITPOINT WARNING * * *
A red film seems to cover your vision as you go berserk!
You feel yourself moving faster!
You feel mighty!
You can no longer call in reinforcements.
The orc warrior hits you but does no damage.
You slice the orc warrior!!
You feel the power of Trog in you as your rage grows.
You kill the orc warrior!
Trog accepts your kill.
You feel a strong urge to attack something.
You feel your anger nearly subside.
You are no longer berserk.
You are exhausted.
You feel yourself slow down.
There is a stone staircase leading up here.
You fly upwards.
The orc warrior shouts! x2; The rust devil screeches! x2
You feel the effects of Trog's Hand fading.
The orc warrior hits you from afar with a +0 glaive!
* * * LOW HITPOINT WARNING * * *
The orc warrior hits you from afar with a +0 trident!
You die...

..# #....# #.#.........#
..###########....###.#.#######(#
.....>....................## #.#
..###########....###.#.##..###.#
..# #.....###.#.[.....#.# ..#
#.###.#...#####.#.#.# ###
#.#.....#.....#...#.##
##...###....##<##..#...
#..###@###..##.##..####
##.##♣...♣##.##.##(.#...
#..#)..oo.)#..#.##..#.##
#.###.....###.#.##..#... #.#
+..8..+ #.#.##..####
#.###..44.###.#.........
#..#).....)#.....#..####
##.##♣...♣##..........#. #..###
###........#....


You could see 2 rust devils and 2 orc warriors.

Vanquished Creatures
  Pikel (D:5)
  An orc warrior (D:6)
  A sky beast (D:5)
  A black bear (D:6)
  4 ogres
  A phantom (D:4)
  A kobold brigand (D:6)
  A bullfrog (D:6)
  A water moccasin zombie (D:6)
  2 scorpions (D:6)
  A water moccasin skeleton (D:5)
  A jelly (D:6)
  5 hounds
  3 centaur skeletons
  3 bullfrog skeletons
  A bullfrog zombie (D:5)
  2 orc priests
  Terence (D:2)
  4 orc wizards
  A scorpion zombie (D:5)
  4 gnolls
  A howler monkey skeleton (D:5)
  8 adders
  4 river rats (Sewer)
  A white imp (D:6)
  6 worms
  3 dart slugs
  15 orcs
  13 bats
  12 endoplasms
  6 giant cockroaches
  7 goblins
  4 hobgoblins
  8 jackals
  11 kobolds
  3 quokkas
  12 ball pythons
  6 frilled lizards
  3 rats
163 creatures vanquished.

Notes
Turn   | Place    | Note
-------+----------+-------------------------------------------
     0 | D:1      | mtoz the Minotaur Berserker began the quest for the Orb.
     0 | D:1      | Reached XP level 1. HP: 19/19 MP: 0/0
   390 | D:1      | Reached XP level 2. HP: 27/27 MP: 1/1
   923 | D:1      | Reached XP level 3. HP: 33/33 MP: 2/2
  1011 | D:1      | Reached ** piety under Trog
  1635 | D:2      | Reached XP level 4. HP: 25/41 MP: 3/3
  1811 | D:2      | Noticed Terence
  1820 | D:2      | Killed Terence
  2069 | D:2      | Reached XP level 5. HP: 47/47 MP: 4/4
  2145 | D:3      | Found a faded altar of an unknown god.
  2513 | D:3      | Found a broken altar of Ashenzari.
  2544 | D:3      | Found a shimmering altar of Xom.
  2855 | D:3      | Found Iwnuam's Weapon Shoppe.
  3023 | D:3      | Bought a +0 battleaxe for 78 gold pieces
  3131 | D:4      | Gained mutation: You occasionally shout uncontrollably at
                  | your foes. [potion of mutation]
  3146 | D:4      | Noticed an ogre
  3150 | D:4      | Killed an ogre
  3151 | D:4      | Reached skill level 5 in Fighting
  3151 | D:4      | Reached skill level 5 in Axes
  3151 | D:4      | Reached XP level 6. HP: 51/56 MP: 5/5
  3258 | D:4      | Found a runed translucent gate.
  3267 | D:4      | Found a runed translucent gate.
  3267 | D:4      | Found a runed translucent gate.
  3268 | D:4      | Noticed p0werm0de's ghost (novice MiCK)
  3622 | D:4      | Reached skill level 5 in Armour
  3622 | D:4      | Reached XP level 7. HP: 62/62 MP: 6/6
  3874 | D:5      | Entered Level 5 of the Dungeon
  3914 | D:5      | Noticed Pikel
  3934 | D:5      | Killed Pikel
  3935 | D:5      | Reached skill level 5 in Dodging
  3935 | D:5      | Reached XP level 8. HP: 57/71 MP: 7/7
  4194 | D:5      | Reached *** piety under Trog
  4356 | D:5      | Found a white marble altar of Elyvilon.
  5027 | D:5      | Identified the ring "Geminy" {rC+ Will+ Int+6 Dex-2}
  5379 | D:6      | Reached XP level 9. HP: 81/81 MP: 8/8
  5434 | D:6      | Found a glowing drain.
  5446 | Sewer    | Entered a sewer
  5787 | Sewer    | Reached **** piety under Trog
  6144 | D:5      | Noticed a rust devil
  6144 | D:5      | Noticed a rust devil
  6144 | D:5      | Slain by an orc warrior

Illustrated notes

Levels and vault maps discovered:
D:1:      dpeg_arrival_arbitrary_b, layout_loops_ring, roderic_serpentine_path,
          chequers_mini_garden, grunt_decor_one_mirror, hangedman_glass_teeth
D:2:      layout_rooms, uniq_terence
D:3:      layout_basic, mainiacjoe_overflow_two_lobes,
          ebering_ecumenical_altar_webs, serial_shops,
          nicolae_shop_bloodbath_and_beyond
D:4:      layout_rooms, ebering_ghost_rock_garden, minmay_ruptured
D:5:      cheibrodos_iron_armory, layout_basic, elyvilon_altar_5, uniq_pikel
D:6:      layout_cave_pools, portal_sewer_entry_d

Skill      XL: |  1  2  3  4  5  6  7  8  9 |
---------------+----------------------------+-----
Fighting       | 4 5 6 7 8 |  8.3
Axes           | 4 5 6 7 8 |  8.3
Armour         | 3 4 5 6 7 |  7.8
Dodging        | 3 4 5 6 7 |  7.1

Action                   |  1- 3 |  4- 6 |  7- 9 || total
-------------------------+-------+-------+-------++-------
Melee: Hand axe          |    92 |    43 |       ||   135
       Headbutt          |    11 |    15 |    35 ||    61
       Battleaxe         |       |    46 |   161 ||   207
Invok: Berserk           |     1 |     5 |     3 ||     9
       Trog's Hand       |       |     5 |     3 ||     8
  Use: Scroll            |     1 |     1 |       ||     2
       Potion            |       |     7 |     1 ||     8
Armor: Animal skin       |    17 |     4 |       ||    21
       Scale mail        |       |    25 |    30 ||    55
       Ice dragon scales |       |       |    56 ||    56
Dodge: Dodged            |    64 |    55 |   123 ||   242

Table legend: (Time is in decaauts)
 A = Elapsed time spent in this place.
 B = Non-inter-level travel time spent in this place.
 C = Inter-level travel time spent in this place.
 D = Time resting spent in this place.
 E = Time spent auto-exploring this place.
 F = Levels seen in this place.
 G = Mean time per level.
                   A        B        C        D        E       F      G
               +--------+--------+--------+--------+--------+-----+--------+
         Total |   6364 |   6108 |    256 |    217 |   4573 |   7 |  909.1 |
       Dungeon |   5788 |   5532 |    256 |    217 |   4194 |   6 |  964.7 |
         Sewer |    575 |    575 |      0 |      0 |    379 |   1 |  575.0 |
               +--------+--------+--------+--------+--------+-----+--------+

Top non-repeatable levels by time:
     D:1: 1506 daAuts
     D:5: 1317 daAuts
     D:3: 1068 daAuts
     D:4: 712 daAuts
     D:2: 682 daAuts
   Sewer: 575 daAuts
     D:6: 502 daAuts
